Zazza, neutral female human Tourist # ##########`############`# ------ ---------+----- # #-----------# # # |....| |..............## #|.........|# ###---+-- #-....| |.............| #|.........|#####..`..| ###|....| |..............###########`|.........| |....| # |....| |.............| |.........| |...^.#### |...[| |.<............############...........#####.....| ------ ------------.-- ----+---.-- ------ # ## o ### # @ # # ## ######## -|---.----- # --------.---- |.........| -----------+- |...........| #..........-##########|...........| |............#####################|.........| #..)..).`....| |...>.......| ----------- |......>....| ------------- |...........| ----|-------- # Zazza the Rambler Experience level: 1 Strength: 11 Dexterity: 8 Constitution: 18 Intelligence: 11 Wisdom: 10 Charisma: 18 Health: 0(12) Energy: 2(2) Def: 3 Gold: 1147 Moves: 1498 Dungeon seed: 0Qn-1p4bEi05Y38H Game ID: Zazza_1618652998 Your Inventory: Coins $ - 1147 gold pieces Weapons a - 25 blessed +2 darts (in quiver) s - a +0 elven dagger (weapon in hand) J - a blessed +0 arrow K - a +0 sling Armor e - an uncursed +0 Hawaiian shirt (being worn) q - an uncursed +0 shield of reflection (being worn) r - an uncursed +0 pair of gauntlets of dexterity (being worn) x - a blessed +0 pair of elven boots y - a blessed +1 elven leather helm z - an uncursed +0 pair of low boots L - a cursed -3 dwarvish cloak N - an uncursed +1 elven mithril-coat Y - an uncursed +0 cloak of displacement Comestibles b - an uncursed sprig of wolfsbane c - an uncursed melon d - an uncursed cram ration g - 5 uncursed food rations h - an uncursed tin of sewer rat meat i - 3 uncursed slime molds j - an uncursed egg M - an uncursed tripe ration Scrolls m - a blessed scroll of magic mapping v - an uncursed scroll of light w - an uncursed scroll of identify Potions k - an uncursed potion of extra healing t - an uncursed potion of gain energy Tools n - an expensive camera (0:41) o - an uncursed credit card Spells and supernatural/magical abilities: Name Level Category Fail Memory W - pray for help -- divine ? -- Your skills at the end: Fighting Skills Weapon Skills dart [Basic] Spellcasting Skills Final Attributes: You were nominally aligned. You had reflection. You are dead. Vanquished creatures: a shrieker a hobbit 7 jackals a kobold 7 grid bugs a lichen 3 newts 21 creatures vanquished. Voluntary challenges: You used a wielded weapon 6 times, starting on turn 872. You read items or engraved 3 times, starting on turn 47. You never genocided any monsters. You never polymorphed an object. You never changed form. You used no wishes. You never split a pudding. You never wrote Elbereth's name. You never violated your personal moral code. Dungeon overview: The Dungeons of Doom: levels 1 to 3 Level 1 a fountain, a sink a long staircase Level 2 an armor shop Level 3 <- You were here an armor shop a long staircase History has recorded: On T:1 you entered the Dungeons of Doom to retrieve the Amulet of Yendor! On T:285 you reached level 2 of The Dungeons of Doom. On T:706 you reached level 3 of The Dungeons of Doom. Score breakdown: Gold: 184 ( 7712 points) Experience: 1 level ( 0 points) Exploration: 3 levels ( 6.38%) ( 6255 points) Discoveries: 4 items ( 1.34%) ( 3475 points) Valuables value: (no points given unless you survive) Artifact value: 0 ( 0 points) Variety of kills: 7 monsters ( 1.84%) ( 4066 points) Turncount: 1498 turns ( 0 points) Survival: died (score multiplied by 80%) Total score: 17206 Latest messages: The grid bug starts to attack you, but pulls back. You feel that The Lady is satisfied. Never mind. Never mind. You feel much better. The grid bug bites! You get zapped! You hear some noises in the distance. You kill the grid bug! The goblin hits! You hit the goblin. You miss the goblin. The goblin hits! You miss the goblin. (2x) The goblin hits! You miss the goblin. (2x) The goblin hits! You miss the goblin. (2x) The goblin hits! You die... Final status: Aloha Zazza the Tourist, killed by a goblin... You died in The Dungeons of Doom on dungeon level 3 with 17206 points, and 1147 pieces of gold, after 1498 moves. You were level 1 with a maximum of 12 hit points when you died.